 Dungeon Crawl Stone Soup version 0.31.0-11-ge490571c62 (webtiles) character file.

Game seed: 14225961659078035811

51 qw the Shooter (level 3, 0/18 HPs)
             Began as a Spriggan Hunter on Feb 4, 2024.
             Slain by an orc
             ... wielding a +0 whip
              (1 damage)
             ... on level 3 of the Dungeon.
             The game lasted 00:00:05 (1989 turns).

qw the Shooter (Spriggan Hunter)                    Turns: 1989, Time: 00:00:05

Health: 0/18       AC:  2    Str:  7    XL:     3   Next: 58%
Magic:  4/4        EV: 19    Int: 10    God:
Gold:   40         SH:  0    Dex: 20    Spells: 2/2 levels left

rFire   . . .        f - +5 arbalest (freeze)
rCold   . . .        (shield currently unavailable)
rNeg    . . .        c - +0 robe
rPois   .            (helmet restricted)
rElec   .            (no cloak)
rCorr   .            (gloves unavailable)
SInv    +            (boots unavailable)
Will    .....        (no amulet)
Stlth   ++           (no ring)
HPRegen 0.23/turn    (no ring)
MPRegen 0.09/turn

%: no passive effects
@: about to teleport, very quick
A: very small, no large weapons, unfitting armour, see invisible, speed 3
a: no special abilities


You were on level 3 of the Dungeon.
You visited 1 branch of the dungeon, and saw 3 of its levels.

You collected 73 gold pieces.
You spent 33 gold pieces at shops.


Innate Abilities, Weirdness & Mutations

You are very small and have problems with some larger weapons.
You are too small for most types of armour.
You have supernaturally acute eyesight. (SInv)
You cover ground extremely quickly. (Speed+++)


   Skills:
 - Level 1.5 Fighting
 + Level 4.8 Ranged Weapons
 - Level 4.0 Dodging
 - Level 1.5 Stealth


You had 2 spell levels left.
You didn't know any spells.
Your spell library was empty.

Inventory:

Hand Weapons
 f - a +5 arbalest of freezing (weapon)
Armour
 c - a +0 robe (worn)
Scrolls
 d - a scroll of enchant armour
Potions
 b - a potion of heal wounds
 h - 3 potions of curing
 i - a potion of enlightenment {unknown}

Dungeon Overview and Level Annotations

Branches:
Dungeon (3/15)

Altars:

Shops:
D:1 (   D:2 [!=


Message History

The jackal completely misses you. The kobold hits you with a +0 club.
The jackal closely misses you. The kobold completely misses you.
You shoot a bolt. The goblin shouts!
The bolt hits the kobold.
The bolt freezes the kobold.
The kobold is heavily wounded.
The jackal bites you. The jackal barely misses you.
The kobold completely misses you. The jackal bites you.
The kobold hits you but does no damage.
You shoot a bolt. The bolt hits the kobold!!
The bolt freezes the kobold.
You kill the kobold!
A giant cockroach comes into view.
The jackal closely misses you. The adder closely misses you.
The jackal bites you.
A bombardier beetle comes into view.
The giant cockroach moves out of view.
1984 ||| RETREEEEATING.
The jackal misses you.
You shoot a bolt. The bolt hits the adder!
The bolt freezes the adder.
You kill the adder!
The jackal misses you. The jackal closely misses you.
The orc barely misses you.
You shoot a bolt. The bolt closely misses the orc.
The bolt barely misses the goblin.
The jackal completely misses you. The jackal closely misses you.
The orc closely misses you. The jackal closely misses you.
You shoot a bolt. The bolt barely misses the orc.
The bolt hits the goblin.
The bolt freezes the goblin.
The goblin is severely wounded.
The orc misses you. The jackal closely misses you.
The orc hits you with a +0 hand axe.
The jackal bites you but does no damage.
You shoot a bolt. The bolt hits the orc!
The bolt freezes the orc.
You kill the orc!
The jackal misses you. The jackal bites you. The orc hits you with a +0 whip.
1989 ||| READING scroll of teleportation.
As you read the scroll of teleportation, it crumbles to dust.
You feel strangely unstable. The jackal closely misses you.
The jackal completely misses you. The orc hits you with a +0 whip.
You die...

...#####
.#.....#####
.#####.....##
.# #####..#
+# ## ##.# .#
#.#### .#
#....# .#
####.###.#
#..@og#
####hg#
##B... .###.#
.# g# .# B#


You could see a bombardier beetle, an orc, a jackal and 2 goblins.

Vanquished Creatures
  An adder (D:3)
  2 ribbon worms (D:2)
  2 dart slugs
  An orc (D:3)
  2 bats (D:1)
  2 endoplasms
  3 giant cockroaches
  A goblin (D:2)
  2 hobgoblins
  2 jackals (D:3)
  2 quokkas (D:1)
  3 ball pythons (D:2)
  4 kobolds
  A rat (D:1)
28 creatures vanquished.

Notes
Turn   | Place    | Note
-------+----------+-------------------------------------------
     0 | D:1      | qw the Spriggan Hunter began the quest for the Orb.
     0 | D:1      | Reached XP level 1. HP: 10/10 MP: 2/2
     0 | D:1      | 0 ||| qw: Version: 0.3-a-160-g6735b56
     0 | D:1      | 0 ||| qw: Game counter: 4492
     0 | D:1      | 0 ||| qw: Melee chars always use a shield: true
     0 | D:1      | 0 ||| qw: God list: Okawaru
     0 | D:1      | 0 ||| qw: Allow faded altars: false
     0 | D:1      | 0 ||| qw: Do Orc after clearing Dungeon:15 true
     0 | D:1      | 0 ||| qw: Do second Lair branch before Depths: true
     0 | D:1      | 0 ||| qw: Lair rune preference: random
     0 | D:1      | 0 ||| qw: Goals: Normal
     0 | D:1      | 0 ||| PLANNING D:1-11
    46 | D:1      | Reached skill level 3 in Dodging
   161 | D:1      | Reached XP level 2. HP: 14/14 MP: 3/3
   421 | D:1      | Found Janewiaps's Antique Weapon Shop.
   987 | D:1      | 987 ||| READING 2 scrolls labelled GUOXUI TUSUTOPS.
   987 | D:1      | 987 ||| ENCHANTING +0 shortbow.
   988 | D:1      | 988 ||| READING scroll labelled GUILERCH ZUUDDE.
  1013 | D:1      | 1013 ||| READING scroll labelled DAMA QACHI.
  1014 | D:1      | 1014 ||| READING scroll labelled PEMINU OVVAWIW.
  1018 | D:1      | 1018 ||| READING 2 scrolls labelled TEZ YSINWOCO.
  1018 | D:1      | 1018 ||| IDENTIFYING brown potion
  1019 | D:1      | 1019 ||| READING scroll of identify.
  1019 | D:1      | 1019 ||| IDENTIFYING amethyst potion
  1020 | D:1      | 1020 ||| READING scroll labelled AMNITS MERENE.
  1121 | D:1      | 1121 ||| DRINKING 3 murky clear potions.
  1159 | D:1      | 1159 ||| DROPPING scroll of butterflies.
  1160 | D:1      | 1160 ||| DROPPING potion of invisibility.
  1161 | D:1      | 1161 ||| DROPPING 2 potions of lignification.
  1191 | D:2      | Found Baerawna's Armour Boutique.
  1452 | D:2      | Found Qadiuh's Distillery.
  1466 | D:2      | 1466 ||| SHOPLISTING 2 potions of heal wounds (110 gold,
                  | have 59).
  1466 | D:2      | 1466 ||| BUYING potion of curing (33 gold).
  1466 | D:2      | Bought a potion of curing for 33 gold pieces
  1466 | D:2      | 1466 ||| SHOPLISTING potion of curing (33 gold, have 26).
  1466 | D:2      | 1466 ||| SHOPLISTING potion of haste (110 gold, have 26).
  1466 | D:2      | 1466 ||| SHOPLISTING potion of heal wounds (55 gold, have
                  | 26).
  1466 | D:2      | 1466 ||| SHOPLISTING potion of might (44 gold, have 26).
  1479 | D:2      | Reached XP level 3. HP: 18/18 MP: 4/4
  1571 | D:2      | Found Utseonar's Jewellery Emporium.
  1579 | D:2      | 1579 ||| SHOPLISTING +5 ring of evasion (468 gold, have
                  | 32).
  1579 | D:2      | 1579 ||| SHOPLISTING amulet of reflection (390 gold, have
                  | 32).
  1579 | D:2      | 1579 ||| SHOPLISTING amulet of regeneration (390 gold, have
                  | 32).
  1579 | D:2      | 1579 ||| SHOPLISTING ring "Taseest" {Fly rN++ Slay+3} (618
                  | gold, have 32).
  1579 | D:2      | 1579 ||| SHOPLISTING ring of fire (325 gold, have 32).
  1579 | D:2      | 1579 ||| SHOPLISTING ring of poison resistance (260 gold,
                  | have 32).
  1579 | D:2      | 1579 ||| SHOPLISTING ring of protection from cold (325
                  | gold, have 32).
  1579 | D:2      | 1579 ||| SHOPLISTING ring of willpower (325 gold, have 32).
  1898 | D:2      | 1898 ||| READING 2 scrolls of identify.
  1898 | D:2      | 1898 ||| IDENTIFYING emerald potion
  1899 | D:2      | 1899 ||| READING scroll of identify.
  1899 | D:2      | 1899 ||| IDENTIFYING inky potion
  1900 | D:2      | 1900 ||| READING scroll labelled PIEFIF QIMU.
  1900 | D:2      | Identified a scroll of acquirement
  1900 | D:2      | 1900 ||| ACQUIRING +5 arbalest of freezing
  1900 | D:2      | Acquired a +5 arbalest of freezing
  1902 | D:2      | 1902 ||| SWAPPING to +5 arbalest of freezing.
  1903 | D:2      | 1903 ||| DROPPING +0 shortbow.
  1904 | D:2      | 1904 ||| DROPPING potion of brilliance.
  1984 | D:3      | 1984 ||| RETREEEEATING.
  1988 | D:3      | HP: 1/18 [orc/+0 whip (6)]
  1989 | D:3      | 1989 ||| READING scroll of teleportation.
  1989 | D:3      | Slain by an orc

Levels and vault maps discovered:
D:1:      evilmike_arrival_crescent, layout_loops_ring, serial_shops,
          nicolae_shop_tiny_real_fake_doors, serial_forest,
          infiniplex_forest_zigzag_2, infiniplex_forest_corner_2,
          infiniplex_forest_zigzag_1, infiniplex_forest_straight_4,
          infiniplex_forest_join, infiniplex_forest_lined_room_,
          infiniplex_forest_clump_medium, infiniplex_forest_end_2,
          chequers_serial_rivers_small_3
D:2:      layout_basic, serial_shops, shop, nicolae_shop_statue_plus,
          nicolae_shop_statue_plus
D:3:      layout_basic, minmay_ruptured, uniq_jessica

Skill      XL: |  1  2 |
---------------+-------+-----
Dodging        | 3 4 |  4.0
Fighting       | |  1.5
Ranged Weapons | |  4.8
Stealth        | |  1.5

Action                     || total
---------------------------++-------
   Fire: Shortbow          ||    60
         Arbalest          ||    12
    Use: Scroll            ||    11
         Potion            ||     1
 Armour: Robe              ||    12
  Dodge: Dodged            ||    43

Table legend:
 A = Non-vault XP
 B = Vault XP
 C = Vault XP percentage of total XP
 D = Non-vault monster count
 E = Vault monster count
 F = Vault count percentage of total count
                 A         B        C        D         E       F
            +---------+---------+-------+---------+---------+-------
      Total |      71 |       3 |   4.1 |      27 |       1 |   3.6
            +---------+---------+-------+---------+---------+-------
        D:1 |      23 |       0 |   0.0 |      12 |       0 |   0.0
        D:2 |      28 |       0 |   0.0 |      11 |       0 |   0.0
        D:3 |      20 |       3 |  13.0 |       4 |       1 |  20.0
            +---------+---------+-------+---------+---------+-------
